 Dungeon Crawl Stone Soup version 0.30.1-3-gfc49f6343a (webtiles) character file.

Game seed: 14210374747274591393

5979 Heoruswealwe the Thaumaturge (level 10, -2/50 HPs)
             Began as a Deep Elf Conjurer on Aug 7, 2023.
             Was a Believer of Vehumet.
             Killed from afar by an electric eel (6 damage)
             ... with a bolt of electricity
             ... on level 8 of the Dungeon on Aug 8, 2023.
             The game lasted 01:32:02 (7519 turns).

Heoruswealwe the Thaumaturge (Deep Elf Conjurer)    Turns: 7519, Time: 01:32:03

Health: -2/50      AC:  6    Str:  4    XL:     10   Next: 55%
Magic:  24/30      EV: 12    Int: 28    God:    Vehumet [**....]
Gold:   275        SH:  0    Dex: 13    Spells: 14/38 levels left

rFire   . . .        a - staff of conjuration
rCold   . . .        (no shield)
rNeg    . . .        c - +0 robe
rPois   .            g - +1 helmet {SInv}
rElec   .            h - +0 cloak
rCorr   .            (no gloves)
SInv    +            e - +0 pair of boots
Will    ++...        (no amulet)
Stlth   ++           (no ring)
HPRegen 0.28/turn    j - ring of willpower
MPRegen 0.22/turn

%: no passive effects
@: no status effects
A: no striking features
a: Renounce Religion


You were on level 8 of the Dungeon.
You worshipped Vehumet.
Vehumet was pleased with you.
You visited 2 branches of the dungeon, and saw 9 of its levels.
You also visited: Sewer.

You collected 275 gold pieces.

Inventory:

Hand Weapons
 b - a +3 war axe
 d - the +9 staff of Olgreb {rPois∞}
   (You found it on level 7 of the Dungeon)

   It enhances your poison magic.
   It grants immunity to poison.
   It can be activated via the 'a'bility menu to radiate toxic energy, with
   effectiveness depending on Evocations skill.
 t - the +7 dagger of the Fifty Persimmons {freeze, rPois Int-4 Dex+6}
   (You found it on level 3 of the Dungeon)

   Int:       It affects your intelligence (-4).
   Dex:       It affects your dexterity (+6).
   rPois:     It protects you from poison.
 A - the +3 war axe of the Evening {drain, Drain *Slow +Blink rF+++}
   (You found it on level 6 of the Dungeon)

   rF:        It renders you almost immune to fire.
   +Blink:    It lets you blink.
   Drain:     It drains your maximum health when unequipped.
   *Slow:     It may slow you when you take damage.
Armour
 c - a +0 robe (worn)
 e - a +0 pair of boots (worn)
 g - a +1 helmet of see invisible (worn)
 h - a +0 cloak (worn)
 E - the +0 kite shield of the Saviour {MP+9 Dex+2 Stlth-}
   (You found it on level 7 of the Dungeon)

   Dex:       It affects your dexterity (+2).
   MP:        It affects your magic capacity (+9).
   Stlth:     It makes you less stealthy.
Magical Staves
 a - a staff of conjuration (weapon)
 o - a staff of cold
Jewellery
 j - a ring of willpower (right hand)
 k - a ring of see invisible
Wands
 m - a wand of charming (7)
 D - a wand of light (1)
Scrolls
 n - 5 scrolls of teleportation
 p - 2 scrolls of brand weapon
 q - 2 scrolls of magic mapping
 v - a scroll of enchant armour
 z - 2 scrolls of enchant weapon
Potions
 f - a potion of might
 i - 2 potions of flight
 l - a potion of magic
 s - 2 potions of mutation
 u - a potion of invisibility
 w - a potion of lignification
 y - a potion of brilliance {unknown}
 C - 2 potions of haste {unknown}


   Skills:
 - Level 2.4 Dodging
 - Level 2.4 Stealth
 + Level 14.7 Spellcasting
 + Level 13.0 Conjurations


You had 14 spell levels left.
You knew the following spells:

 Your Spells              Type           Power      Damage    Failure   Level
a - Magic Dart            Conj           100%       1d8       0%          1
b - Foxfire               Conj/Fire      100%       2x1d9     1%          1
c - Searing Ray           Conj           100%       2d8       1%          2
d - Dazzling Flash        Conj/Hex       100%       N/A       1%          3
e - Iskenderun's Mystic   Conj/Tloc      72%        2d15      1%          4
f - Sticky Flame          Conj/Fire      72%        2d9       1%          4
g - Fulminant Prism       Conj/Hex       36%        3d18      1%          4
h - Freezing Cloud        Conj/Ice/Air   30%        6-21      12%         5

Your spell library contained the following spells:

 Spells                   Type           Power      Damage    Failure   Level
 Sandblast                Erth           40%        2d10      2%          1
 Apportation              Tloc           40%        N/A       2%          1
 Necrotise                Necr           80%        1d8       2%          1
 Summon Small Mammal      Summ           80%        N/A       2%          1
 Cigotuvi's Dreadful Rot  Necr/Pois/Air  40%        N/A       3%          2
 Sublimation of Blood     Necr           20%        N/A       3%          2
 Wereblood                Tmut           20%        N/A       3%          2
 Ignite Poison            Fire/Tmut/Pois 20%        N/A       8%          3
 Inner Flame              Hex/Fire       20%        N/A       8%          3
 Tukima's Dance           Hex            20%        N/A       8%          3
 Volatile Blastmotes      Fire/Tloc      40%        2d13      8%          3
 Passage of Golubria      Tloc           20%        N/A       24%         4
 Yara's Violent Unravell  Hex/Tmut       10%        3d6       56%         5
 Summon Hydra             Summ           10%        N/A       100%        7


Dungeon Overview and Level Annotations

Branches:
Dungeon (8/15)             Temple (1/1) D:6           Sewer (visited)
   Lair: D:8-11

Altars:
Ashenzari
Cheibriados
Dithmenos
Elyvilon
Fedhas
Gozag
Hepliaklqana
Kikubaaqudgha
Makhleb
Nemelex Xobeh
Okawaru
Qazlal
Ru
Sif Muna
Trog
Uskayaw
Vehumet
Wu Jian
Xom
Yredelemnul
Zin


Message History

The electric eel is heavily wounded.
An electric eel comes into view.
The bullfrog hits you but does no damage.
The searing ray hits the bullfrog!
The bullfrog is almost dead.
The bullfrog closely misses you.
The orc wizard gestures wildly while chanting.
The orc wizard flickers and vanishes for a moment.
The bullfrog barely misses you.
Casting: Searing Ray (safe; 1% risk of failure)
Confirm with . or Enter, or press ? or * to list all spells.
Okay, then.
The searing ray hits the bullfrog.
You kill the bullfrog!
Vehumet accepts your kill.
You feel your power returning.
You finish channelling your searing ray.
The electric eel shoots out a bolt of lightning at you!
The bolt of electricity hits you.
The electric eel shoots out a bolt of lightning at you!
The bolt of electricity hits you!
Casting: Searing Ray (safe; 1% risk of failure)
Confirm with . or Enter, or press ? or * to list all spells.
Aiming: Fulminant Prism (dangerous; 1% risk of failure)
Press: ? - help, Dir - move target, p - electric eel You feel a surge of power!
You conjure a prism of explosive energy!
A fulminant prism comes into view.
The electric eel shoots out a bolt of lightning at you!
The bolt of electricity hits your fulminant prism.
Your fulminant prism resists.
The bolt of electricity hits the orc wizard!
The bolt of electricity hits you!
* * * LOW HITPOINT WARNING * * *
The electric eel shoots out a bolt of lightning at you!
The bolt of electricity hits you!
* * * LOW HITPOINT WARNING * * *
The electric eel shoots out a bolt of lightning at you!
The bolt of electricity hits you.
You die...

...#.....##
# #.#
###....#
#.# .....#
#.# .....
##.# #..#
#.## #.#
#.## #.@#
#†.).#
♣..♣♣..#
~~~~o ~P#
~~P~~* ..#
P~.~~≈S≈~
~P#
.~~.≈≈≈S.
P#
.~~~~~.~~~
.#


You could see an electric eel.

Vanquished Creatures
  Grinder (D:3)
  A wyvern (D:8)
  4 redbacks (D:7)
  Menkaure (D:4)
  6 water moccasins
  A sky beast (D:7)
  2 ice beasts
  2 black bears (D:6)
  3 phantoms
  4 centaurs
  6 ogres
  2 bullfrogs
  3 kobold brigands
  A gnoll sergeant (D:5)
  11 scorpions
  5 wights (D:7)
  14 killer bees
  A howler monkey (D:7)
  A jelly (D:8)
  3 orc priests
  7 hounds
  Jessica (D:3)
  3 iguanas
  8 orc wizards
  8 gnolls
  10 adders
  2 river rats (Sewer)
  3 shadow imps
  A white imp (D:7)
  2 worms
  2 dart slugs
  14 orcs
  4 bats
  5 endoplasms
  3 giant cockroaches
  10 hobgoblins
  8 jackals
  A quokka (D:4)
  4 ball pythons
  4 frilled lizards
  5 goblins
  15 kobolds
  8 rats
200 creatures vanquished.

Vanquished Creatures (others)
  An orc wizard (D:6)
1 creature vanquished.

Grand Total: 201 creatures vanquished

Notes
Turn   | Place    | Note
-------+----------+-------------------------------------------
     0 | D:1      | Heoruswealwe the Deep Elf Conjurer began the quest for the
                  | Orb.
     0 | D:1      | Reached XP level 1. HP: 10/10 MP: 6/6
   251 | D:1      | Reached XP level 2. HP: 15/15 MP: 2/8
   254 | D:1      | Learned a level 2 spell: Searing Ray
   865 | D:2      | Reached skill level 4 in Spellcasting
   865 | D:2      | Reached skill level 5 in Conjurations
   865 | D:2      | Reached XP level 3. HP: 19/19 MP: 6/10
   869 | D:2      | Learned a level 3 spell: Dazzling Flash
  1620 | D:3      | Identified the +7 dagger of the Fifty Persimmons {freeze,
                  | rPois Int-4 Dex+6}
  1712 | D:3      | Found a burning altar of Makhleb.
  1712 | D:3      | Noticed a balrug
  1716 | D:3      | Noticed a hellwing
  1716 | D:3      | Noticed a hellwing
  1817 | D:3      | Noticed Jessica
  1819 | D:3      | Killed Jessica
  1820 | D:3      | Reached XP level 4. HP: 24/24 MP: 9/12
  1825 | D:3      | Learned a level 4 spell: Fulminant Prism
  1879 | D:3      | Found an ancient bone altar of Kikubaaqudgha.
  1880 | D:3      | Found a blossoming altar of Fedhas.
  2055 | D:3      | Reached skill level 5 in Spellcasting
  2210 | D:3      | Noticed Grinder
  2222 | D:3      | Killed Grinder
  2223 | D:3      | Reached skill level 6 in Spellcasting
  2223 | D:3      | Reached XP level 5. HP: 28/28 MP: 1/15
  2223 | D:3      | Reached XP level 6. HP: 32/32 MP: 1/17
  2228 | D:3      | Learned a level 4 spell: Iskenderun's Mystic Blast
  2413 | D:4      | Reached skill level 7 in Spellcasting
  2427 | D:4      | Learned a level 5 spell: Freezing Cloud
  2447 | D:4      | Found a glowing drain.
  2456 | Sewer    | Entered a sewer
  2634 | Sewer    | Reached XP level 7. HP: 31/36 MP: 12/20
  2702 | Sewer    | Found a white marble altar of Elyvilon.
  2827 | D:4      | Reached skill level 8 in Spellcasting
  3055 | D:4      | Got the Elucidation of the Inferno
  3125 | D:4      | Learned a level 4 spell: Sticky Flame
  3136 | D:4      | Noticed Menkaure
  3140 | D:4      | Killed Menkaure
  3521 | D:5      | Entered Level 5 of the Dungeon
  3544 | D:5      | Reached skill level 9 in Spellcasting
  3544 | D:5      | Reached XP level 8. HP: 41/41 MP: 17/23
  3757 | D:5      | Found a basalt altar of Yredelemnul.
  3818 | D:5      | Found a white marble altar of Elyvilon.
  3904 | D:5      | Reached skill level 10 in Spellcasting
  4694 | D:6      | Reached skill level 11 in Spellcasting
  4694 | D:6      | Reached skill level 10 in Conjurations
  4745 | D:6      | Found a staircase to the Ecumenical Temple.
  4786 | D:6      | Reached XP level 9. HP: 45/45 MP: 6/26
  4817 | Temple   | Entered the Ecumenical Temple
  4910 | Temple   | Became a worshipper of Vehumet
  5080 | D:6      | Identified the +3 war axe of the Evening {drain, Drain
                  | *Slow +Blink rF+++}
  5258 | D:6      | Found a shimmering blue altar of Sif Muna.
  5262 | D:6      | Reached skill level 12 in Spellcasting
  5266 | D:6      | Found a broken altar of Ashenzari.
  5267 | D:6      | Found a snail-covered altar of Cheibriados.
  5268 | D:6      | Found an opulent altar of Gozag.
  5268 | D:6      | Found a sacrificial altar of Ru.
  5269 | D:6      | Found a bloodstained altar of Trog.
  5287 | D:6      | Found a stormy altar of Qazlal.
  5505 | D:7      | Found the +9 staff of Olgreb {rPois∞}
  5507 | D:7      | Found a runed translucent door.
  5697 | D:7      | Found a runed translucent gate.
  5697 | D:7      | Found a runed translucent gate.
  5709 | D:7      | Reached * piety under Vehumet
  5709 | D:7      | Offered knowledge of Foxfire by Vehumet.
  5720 | D:7      | Found a runed translucent gate.
  5736 | D:7      | Learned a level 1 spell: Foxfire
  5812 | D:7      | Reached skill level 13 in Spellcasting
  5951 | D:7      | Found a runed translucent door.
  6560 | D:7      | Identified the +0 kite shield of the Saviour {MP+9 Dex+2
                  | Stlth-}
  6723 | D:7      | Reached XP level 10. HP: 29/50 MP: 20/29
  6729 | D:7      | Reached skill level 14 in Spellcasting
  7115 | D:8      | Reached ** piety under Vehumet
  7115 | D:8      | Offered knowledge of Sandblast by Vehumet.
  7519 | D:8      | Killed from afar by an electric eel

Illustrated notes

Levels and vault maps discovered:
D:1:      onia_arrival_pyramid, layout_loops_corners
D:2:      layout_basic
D:3:      layout_basic, makhleb_altar_promises_db,
          grunt_temple_overflow_growth_and_decay, uniq_grinder, uniq_jessica
D:4:      layout_loops_ring, portal_sewer_entry_d, minmay_misc_feat_tiny,
          minivault_4, kennysheep_potato, uniq_menkaure
D:5:      layout_basic, kennysheep_ying_yang, hangedman_decor_push
D:6:      layout_basic, nicolae_overflow_hallway_of_the_gods,
          minmay_temple_entry_sparse_star, minmay_chambers_of_fives
D:7:      layout_gridville, minmay_guarded_unrand_staff_of_olgreb
D:8:      hellmonk_ruined_rings, layout_loops_ring, serial_bayou,
          serial_bayou_shore_b, serial_bayou_pond_b, serial_bayou_pond_b,
          serial_bayou_pond_e, serial_bayou_pond_a, serial_bayou_shore_b
Temple:   chequers_temple_sunken

Skill      XL: |  1  2  3  4  5  6  7  8  9 10 |
---------------+-------------------------------+-----
Spellcasting   | 4 6 7 9 11 13 14 | 14.7
Conjurations   | 5 6 7 8 10 12 13 | 13.0
Dodging        | |  2.4
Stealth        | |  2.4

Action                     |  1- 3 |  4- 6 |  7- 9 | 10-12 || total
---------------------------+-------+-------+-------+-------++-------
  Melee: Unarmed           |       |    18 |       |       ||    18
   Cast: Magic Dart        |    73 |    36 |   169 |    21 ||   299
         Searing Ray       |       |     8 |    36 |     1 ||    45
         Iskenderun's Myst |       |       |    20 |    23 ||    43
         Fulminant Prism   |       |       |       |     1 ||     1
    Use: Scroll            |       |       |    16 |     1 ||    17
         Potion            |       |       |     6 |     2 ||     8
 Armour: Robe              |     3 |     1 |    32 |     4 ||    40
         Skin              |       |       |       |     2 ||     2
  Dodge: Dodged            |     9 |     1 |    42 |    15 ||    67
